 Dungeon Crawl Stone Soup version 0.27.1-1-g398f81649c (webtiles) character file.

Game seed: 4682609517670170213

68 ZARRMARR the Insei (level 4, -10/29 HPs)
             Began as an Octopode Transmuter on Sept 7, 2021.
             Mangled by Terence (11 damage)
             ... on level 2 of the Dungeon.
             The game lasted 00:04:17 (1779 turns).

ZARRMARR the Insei (Octopode Transmuter)            Turns: 1779, Time: 00:04:18

Health: -10/29     AC:  1    Str:  7 (9)  XL:     4   Next: 19%
Magic:  6/7        EV: 13    Int: 15 (16) God:
Gold:   21         SH:  0    Dex: 10 (12) Spells: 6/7 levels left

rFire    . . .     SeeInvis .     - Unarmed
rCold    . . .     Faith    .   (no shield)
rNeg     . . .     Spirit   .   (helmet restricted)
rPois    .         Reflect  .   (no amulet)
rElec    .         Harm     .   (no ring)
rCorr    .         Rampage  .   (no ring)
Will     .....                  (no ring)
Stlth    +++.......             (no ring)
HPRegen  0.09/turn              (no ring)
MPRegen  0.10/turn              (no ring)
                                (no ring)
                                (no ring)

@: no status effects
A: almost no armour, amphibious, 8 rings, camouflage 1, gelatinous body 1,
(nimble swimmer 1), tentacles
a: no special abilities


You were on level 2 of the Dungeon.
You visited 1 branch of the dungeon, and saw 2 of its levels.

You collected 21 gold pieces.

Inventory:

Jewellery
 e - a ring of flight
Scrolls
 a - a scroll of magic mapping
 f - a scroll of fog
Potions
 c - 4 potions of curing
 g - a potion of flight {unknown}


   Skills:
 + Level 2.0 Fighting
 + Level 2.7 Dodging
 + Level 2.4 Stealth
 + Level 3.5 Unarmed Combat
 - Level 2.0 Spellcasting
 - Level 2.0 Transmutations


You had 6 spell levels left.
You knew the following spells:

 Your Spells              Type           Power      Damage    Failure   Level
a - Beastly Appendage     Tmut           14%        N/A       10%         1

Your spell library contained the following spells:

 Spells                   Type           Power      Damage    Failure   Level
 Wereblood                Tmut           7%         N/A       14%         2
 Foxfire                  Conj/Fire      4%         2x1d4     22%         1
 Spider Form              Tmut/Pois      2%         N/A       41%         3
 Conjure Flame            Conj/Fire      1%         6-21      54%         3
 Inner Flame              Hex/Fire       1%         N/A       54%         3
 Ice Form                 Ice/Tmut       4%         N/A       82%         4


Dungeon Overview and Level Annotations

Branches:
Dungeon (2/15)

Altars:

Annotations:
D:2 Terence


Innate Abilities, Weirdness & Mutations

You cannot wear most types of armour.
You are amphibious.
You can wear up to eight rings at the same time.
Your skin changes colour to match your surroundings (Stealth+).
Your rubbery body absorbs attacks. (AC +1, EV +1)
((You are camouflaged near water. (Stealth+)))
You have tentacles for arms and can constrict up to eight enemies at once.


Message History

Terence hits you with a +0 hand axe!
Jessica the Apprentice Sorceress comes into view.
She is wielding a +0 club and carrying a wand of flame (18).
You closely miss Jessica. You grab Jessica. You squeeze Jessica.
Jessica is heavily wounded.
You constrict Jessica, but do no damage.
You constrict Terence, but do no damage.
Terence barely misses you.
Jessica zaps a wand.
The puff of flame hits you.
You tentacle-slap Jessica.
You kill Jessica!
Your transformation is almost over.
You constrict Terence. Terence hits you with a +0 hand axe.
Your Fighting skill increases to level 2!
You have reached level 4!
You tentacle-slap Terence but do no damage.
Terence is lightly wounded.
You constrict Terence. Terence hits you with a +0 hand axe.
You tentacle-slap Terence. You squeeze Terence, but do no damage.
Terence is moderately wounded.
You constrict Terence. Terence misses you.
You tentacle-slap Terence.
Terence is heavily wounded.
You constrict Terence, but do no damage.
Terence hits you with a +0 hand axe.
* * * LOW HITPOINT WARNING * * *
You tentacle-slap Terence but do no damage.
Terence is heavily wounded.
You constrict Terence, but do no damage.
Terence hits you with a +0 hand axe.
* * * LOW HITPOINT WARNING * * *
It was a potion of cancellation.
Your magical effects are unravelling.
You feel magically purged.
Your tentacle spike disappears.
You constrict Terence, but do no damage.
Terence closely misses you.
It was a potion of degeneration.
There was something very wrong with that liquid.
You feel weakened.
You feel dopey.
You feel clumsy.
You constrict Terence. Terence hits you with a +0 hand axe!
You die...

.....########....####.
.....#................
......................
.....#............<..
.....########....####.#
.##### #.......... .#
#...###### .#
#...###### .#
#...@@...# .#
#..)####.# ## ........
[.♣♣♣♣♣♣. #. .


You could see Terence.

Vanquished Creatures
  Jessica (D:2)
  A worm (D:2)
  A dart slug (D:1)
  4 bats (D:1)
  6 endoplasms
  2 giant cockroaches (D:1)
  3 goblins (D:1)
  2 hobgoblins (D:1)
  4 kobolds
  A quokka (D:1)
  5 ball pythons (D:1)
  A frilled lizard (D:1)
  4 rats (D:1)
35 creatures vanquished.

Notes
Turn   | Place    | Note
-------+----------+-------------------------------------------
     0 | D:1      | ZARRMARR the Octopode Transmuter began the quest for the
                  | Orb.
     0 | D:1      | Reached XP level 1. HP: 13/13 MP: 3/3
   218 | D:1      | Reached XP level 2. HP: 18/18 MP: 3/5
   224 | D:1      | Reached skill level 1 in Stealth
   958 | D:1      | Reached XP level 3. HP: 23/23 MP: 4/6
  1768 | D:2      | Noticed Terence
  1771 | D:2      | Noticed Jessica
  1773 | D:2      | Killed Jessica
  1774 | D:2      | Reached XP level 4. HP: 15/29 MP: 5/7
  1777 | D:2      | HP: 1/29 [Terence (6)]
  1779 | D:2      | Mangled by Terence

Illustrated notes

Levels and vault maps discovered:
D:1:      amcnicky_arrival_choice, layout_loops_ring,
          corexii_item_surrounded_by_moat, st_stairs_6, minmay_tall_x
D:2:      layout_loops_cross, dilly_ecumenical_altar_fadedgnrine, uniq_jessica,
          uniq_crazy_yiuf_cottage, uniq_terence

Skill      XL: |  1  2  3 |
---------------+----------+-----
Stealth        | 1 2 |  2.4
Fighting       | 2 |  2.0
Dodging        | |  2.7
Unarmed Combat | |  3.5
Spellcasting   | |  2.0
Transmutations | |  2.0

Action                   |  1- 3 |  4- 6 || total
-------------------------+-------+-------++-------
Melee: Unarmed           |    64 |     4 ||    68
       Constrict         |    20 |       ||    20
       Tentacles         |    16 |     1 ||    17
       Kick              |    13 |       ||    13
 Cast: Beastly Appendage |    24 |       ||    24
  Use: Scroll            |     3 |       ||     3
       Potion            |       |     2 ||     2
 Stab: Sleeping          |     5 |       ||     5
Armor: Skin              |     9 |       ||     9
Dodge: Dodged            |    40 |     2 ||    42
